2900 views
Uploaded 2020-03-07 00:38:02
Game version 1.32.2
16:16 long 4on4 ladder game on (8)NerubianPassage
Saved by Teelo
2900 views
Uploaded 2020-03-07 00:38:02
Game version 1.32.2
16:16 long 4on4 ladder game on (8)NerubianPassage


164 units @ 17k
/ 1.9k
66 buildings @ 12.3k
/ 5k

| Moonstone | 1 | 50 |
| Potion of Healing | 1 | 150 |
| Lesser Clarity Potion | 1 | 70 |
| Scroll of Healing | 1 | 250 |
| Potion of Lesser Invulnerability | 1 | 150 |
| total: | 5 | 670g |
| Wisp | 21 | 1260 | / | 0 |
| Archer | 16 | 2080 | / | 160 |
| Hippogryph | 8 | 1280 | / | 160 |
| total: | 45 | 4620g | / | 320w |
| Altar of Elders | 1 | 180 | / | 50 |
| Moon Well | 6 | 1080 | / | 240 |
| Ancient of War | 1 | 150 | / | 60 |
| Ancient of Wonders | 1 | 90 | / | 30 |
| Hunter's Hall | 1 | 210 | / | 100 |
| Tree of Life | 2 | 680 | / | 370 |
| Ancient of Wind | 2 | 300 | / | 280 |
| Tree of Ages | 1 | 320 | / | 180 |
| Tree of Eternity | 1 | 330 | / | 200 |
| total: | 14 | 2690g | / | 1130w |
| 0:02 | Wisp |
| 0:02 | Wisp |
| 0:07 | Altar of Elders |
| 0:19 | Moon Well |
| 0:28 | Wisp |
| 0:41 | Ancient of War |
| 0:45 | Wisp |
| 0:58 | Wisp |
| 1:10 | Wisp |
| 1:25 | Wisp |
| 1:31 | Moon Well |
| 1:42 | Wisp |
| 1:49 | Archer |
| 1:54 | Archer |
| 1:59 | Wisp |
| 2:07 | Wisp |
| 2:09 | Fan of Knives |
| 2:41 | Tree of Ages |
| 3:01 | Blink |
| 3:06 | Ancient of Wonders |
| 3:46 | Archer |
| 3:47 | Archer |
| 4:05 | Archer |
| 4:20 | Hunter's Hall |
| 5:08 | Ancient of Wind |
| 5:10 | Ancient of Wind |
| 5:13 | Archer |
| 5:13 | Archer |
| 5:18 | Wisp |
| 5:18 | Wisp |
| 5:19 | Wisp |
| 5:22 | Moon Well |
| 5:41 | Strength of the Moon |
| 6:35 | Hippogryph |
| 6:48 | Fan of Knives |
| 7:11 | Hippogryph |
| 7:18 | Moon Armor |
| 7:26 | Tree of Life |
| 7:46 | Archer |
| 8:17 | Tree of Life |
| 8:20 | Blink |
| 8:28 | Improved Moon Armor |
| 8:30 | Moon Well |
| 8:36 | Wisp |
| 8:36 | Wisp |
| 8:36 | Wisp |
| 9:19 | Tree of Eternity |
| 9:22 | Improved Bows |
| 9:25 | Moon Well |
| 9:26 | Hippogryph |
| 10:10 | Moonstone |
| 10:12 | Potion of Healing |
| 10:14 | Lesser Clarity Potion |
| 10:24 | Hippogryph |
| 10:27 | Hippogryph |
| 10:29 | Archer |
| 10:55 | Improved Strength of the Moon |
| 11:26 | Wisp |
| 11:26 | Wisp |
| 11:27 | Wisp |
| 11:27 | Wisp |
| 11:27 | Wisp |
| 11:40 | Marksmanship |
| 11:48 | Fan of Knives |
| 12:11 | Scroll of Healing |
| 12:14 | Potion of Lesser Invulnerability |
| 12:22 | Well Spring |
| 12:48 | Hippogryph |
| 12:50 | Archer |
| 12:53 | Archer |
| 13:24 | Advanced Moon Armor |
| 13:28 | Moon Well |
| 13:58 | Spirit of Vengeance |
| 14:14 | Hippogryph |
| 14:17 | Archer |
| 14:17 | Archer |
| 14:48 | Archer |
| 15:16 | Advanced Strength of the Moon |
| 15:18 | Hippogryph |
| 15:20 | Archer |
| 15:20 | Archer |
| 15:45 | Blink |
| 16:14 | Shadow Strike |
| Right click | 549 |
| Select | 396 |
| Select group | 127 |
| Build/train/purchase | 110 |
| Misc. action | 104 |
| Chat | 32 |
| Assign group | 24 |
| Use ability | 10 |
| Minimap ping | 5 |
| Remove unit | 4 |
| Item give/drop | 2 |

| Lesser Clarity Potion | 4 | 280 |
| Orb of Venom | 1 | 325 |
| Anti-magic Potion | 1 | 100 |
| total: | 6 | 705g |
| Wisp | 14 | 840 | / | 0 |
| Huntress | 4 | 780 | / | 80 |
| Druid of the Claw | 8 | 2040 | / | 640 |
| total: | 26 | 3660g | / | 720w |
| Altar of Elders | 1 | 180 | / | 50 |
| Moon Well | 7 | 1260 | / | 280 |
| Ancient of Wonders | 1 | 90 | / | 30 |
| Ancient of War | 1 | 150 | / | 60 |
| Hunter's Hall | 1 | 210 | / | 100 |
| Ancient of Lore | 2 | 310 | / | 290 |
| Tree of Ages | 2 | 640 | / | 360 |
| Tree of Eternity | 1 | 330 | / | 200 |
| total: | 13 | 2200g | / | 810w |
| 0:01 | Wisp |
| 0:02 | Wisp |
| 0:06 | Altar of Elders |
| 0:17 | Moon Well |
| 0:26 | Wisp |
| 0:31 | Wisp |
| 0:31 | Wisp |
| 0:32 | Wisp |
| 0:32 | Wisp |
| 1:02 | Ancient of Wonders |
| 1:04 | Wisp |
| 1:04 | Wisp |
| 1:04 | Wisp |
| 1:54 | Ancient of War |
| 1:58 | Hunter's Hall |
| 2:09 | Moon Well |
| 2:12 | Wisp |
| 2:15 | Fan of Knives |
| 2:18 | Lesser Clarity Potion |
| 2:18 | Lesser Clarity Potion |
| 3:02 | Huntress |
| 3:06 | Tree of Ages |
| 3:34 | Huntress |
| 4:13 | Huntress |
| 4:44 | Huntress |
| 4:47 | Moon Well |
| 4:48 | Moon Well |
| 5:32 | Ancient of Lore |
| 5:33 | Ancient of Lore |
| 5:45 | Lesser Clarity Potion |
| 5:49 | Wisp |
| 5:50 | Wisp |
| 5:50 | Wisp |
| 6:37 | Blink |
| 7:05 | Druid of the Claw Adept Training |
| 7:06 | Tree of Eternity |
| 7:07 | Druid of the Claw |
| 7:45 | Druid of the Claw |
| 7:48 | Fan of Knives |
| 8:21 | Moon Well |
| 8:22 | Moon Well |
| 8:28 | Lesser Clarity Potion |
| 9:28 | Druid of the Claw Master Training |
| 10:05 | Mark of the Claw |
| 10:06 | Druid of the Claw |
| 10:36 | Reinforced Hides |
| 11:35 | Blink |
| 11:38 | Druid of the Claw |
| 11:55 | Orb of Venom |
| 12:01 | Anti-magic Potion |
| 12:05 | Druid of the Claw |
| 12:06 | Druid of the Claw |
| 12:13 | Moon Well |
| 12:36 | Strength of the Wild |
| 13:21 | Druid of the Claw |
| 13:58 | Fan of Knives |
| 14:21 | Druid of the Claw |
| 14:38 | Spirit of Vengeance |
| 15:02 | Improved Reinforced Hides |
| 15:02 | Improved Strength of the Wild |
| 15:51 | Blink |
| Right click | 713 |
| Select group | 329 |
| Select | 157 |
| Build/train/purchase | 131 |
| Chat | 66 |
| Misc. action | 34 |
| Assign group | 28 |
| Use ability | 17 |
| Minimap ping | 7 |
| Item give/drop | 1 |

| Lesser Clarity Potion | 1 | 70 |
| Staff of Preservation | 1 | 150 |
| Scroll of Town Portal | 1 | 350 |
| Ankh of Reincarnation | 1 | 450 |
| total: | 4 | 1020g |
| Wisp | 23 | 1380 | / | 0 |
| Archer | 4 | 520 | / | 40 |
| Druid of the Claw | 8 | 2040 | / | 640 |
| total: | 35 | 3940g | / | 680w |
| Altar of Elders | 1 | 180 | / | 50 |
| Moon Well | 6 | 1080 | / | 240 |
| Ancient of War | 1 | 150 | / | 60 |
| Ancient of Wonders | 1 | 90 | / | 30 |
| Hunter's Hall | 1 | 210 | / | 100 |
| Tree of Life | 1 | 340 | / | 185 |
| Ancient of Lore | 4 | 620 | / | 580 |
| Tree of Ages | 1 | 320 | / | 180 |
| Tree of Eternity | 1 | 330 | / | 200 |
| total: | 15 | 2670g | / | 1245w |
| 0:03 | Wisp |
| 0:03 | Wisp |
| 0:04 | Wisp |
| 0:21 | Altar of Elders |
| 0:36 | Moon Well |
| 0:39 | Wisp |
| 0:39 | Wisp |
| 0:47 | Ancient of War |
| 0:51 | Wisp |
| 0:52 | Wisp |
| 1:41 | Moon Well |
| 1:46 | Wisp |
| 1:46 | Wisp |
| 1:47 | Wisp |
| 1:51 | Ancient of Wonders |
| 1:53 | Archer |
| 2:10 | Moon Well |
| 2:30 | Fan of Knives |
| 2:35 | Archer |
| 2:39 | Moon Well |
| 2:41 | Wisp |
| 2:53 | Archer |
| 3:30 | Tree of Ages |
| 4:12 | Hunter's Hall |
| 4:45 | Archer |
| 5:32 | Shadow Strike |
| 5:50 | Strength of the Wild |
| 5:50 | Reinforced Hides |
| 5:50 | Ultravision |
| 5:55 | Tree of Eternity |
| 6:00 | Ancient of Lore |
| 6:01 | Ancient of Lore |
| 6:18 | Fan of Knives |
| 6:26 | Moon Well |
| 6:28 | Moon Well |
| 6:44 | Lesser Clarity Potion |
| 6:51 | Tree of Life |
| 7:03 | Staff of Preservation |
| 7:20 | Druid of the Claw Adept Training |
| 7:54 | Druid of the Claw |
| 7:58 | Druid of the Claw |
| 8:25 | Wisp |
| 8:25 | Wisp |
| 8:25 | Wisp |
| 8:45 | Druid of the Claw Master Training |
| 8:54 | Wisp |
| 8:54 | Wisp |
| 8:54 | Wisp |
| 8:55 | Wisp |
| 8:55 | Wisp |
| 9:23 | Druid of the Claw |
| 9:26 | Shadow Strike |
| 9:37 | Druid of the Claw |
| 9:52 | Mark of the Claw |
| 9:58 | Wisp |
| 9:58 | Wisp |
| 10:42 | Druid of the Claw |
| 10:46 | Ancient of Lore |
| 10:47 | Ancient of Lore |
| 10:51 | Wisp |
| 10:51 | Wisp |
| 11:21 | Druid of the Claw |
| 11:55 | Nature's Blessing |
| 11:59 | Druid of the Claw |
| 12:09 | Scroll of Town Portal |
| 12:26 | Improved Strength of the Wild |
| 12:54 | Improved Reinforced Hides |
| 12:57 | Fan of Knives |
| 14:18 | Advanced Strength of the Wild |
| 14:39 | Well Spring |
| 14:41 | Druid of the Claw |
| 15:06 | Advanced Reinforced Hides |
| 15:21 | Ankh of Reincarnation |
| Right click | 320 |
| Select group | 279 |
| Chat | 225 |
| Select | 134 |
| Build/train/purchase | 110 |
| Assign group | 82 |
| Misc. action | 53 |
| Use ability | 15 |
| Minimap ping | 4 |
| Remove unit | 1 |

| Scroll of Town Portal | 3 | 1050 |
| total: | 3 | 1050g |
| Wisp | 39 | 2340 | / | 0 |
| Archer | 19 | 2470 | / | 190 |
| total: | 58 | 4810g | / | 190w |
| Moon Well | 8 | 1440 | / | 320 |
| Tree of Life | 4 | 1360 | / | 740 |
| Altar of Elders | 2 | 360 | / | 100 |
| Ancient of War | 8 | 1200 | / | 480 |
| Hunter's Hall | 2 | 420 | / | 200 |
| Tree of Ages | 1 | 320 | / | 180 |
| Tree of Eternity | 1 | 330 | / | 200 |
| total: | 24 | 4780g | / | 1840w |
| 0:04 | Wisp |
| 0:04 | Wisp |
| 0:04 | Wisp |
| 0:04 | Wisp |
| 0:05 | Wisp |
| 0:21 | Moon Well |
| 0:43 | Wisp |
| 0:44 | Wisp |
| 0:44 | Wisp |
| 1:10 | Wisp |
| 1:10 | Wisp |
| 1:10 | Wisp |
| 1:11 | Wisp |
| 1:36 | Tree of Life |
| 1:45 | Wisp |
| 1:45 | Wisp |
| 2:08 | Tree of Life |
| 2:24 | Wisp |
| 2:25 | Wisp |
| 2:25 | Wisp |
| 2:48 | Tree of Life |
| 2:54 | Altar of Elders |
| 3:11 | Altar of Elders |
| 3:19 | Ancient of War |
| 3:44 | Ancient of War |
| 3:57 | Wisp |
| 3:57 | Wisp |
| 3:57 | Wisp |
| 3:58 | Wisp |
| 4:16 | Moon Well |
| 4:21 | Moon Well |
| 4:50 | Moon Well |
| 4:51 | Moon Well |
| 4:56 | Archer |
| 5:04 | Wisp |
| 5:19 | Archer |
| 5:24 | Wisp |
| 5:31 | Archer |
| 5:52 | Trueshot Aura |
| 5:57 | Archer |
| 6:18 | Archer |
| 6:19 | Wisp |
| 7:09 | Tree of Life |
| 7:12 | Searing Arrows |
| 7:14 | Archer |
| 7:16 | Wisp |
| 7:53 | Moon Well |
| 7:55 | Moon Well |
| 7:58 | Archer |
| 8:40 | Tree of Ages |
| 8:53 | Hunter's Hall |
| 9:40 | Wisp |
| 9:40 | Wisp |
| 9:41 | Wisp |
| 9:41 | Wisp |
| 9:41 | Wisp |
| 9:57 | Hunter's Hall |
| 10:55 | Ultravision |
| 10:56 | Moon Armor |
| 11:01 | Strength of the Moon |
| 11:07 | Ancient of War |
| 11:10 | Tree of Eternity |
| 12:00 | Trueshot Aura |
| 12:08 | Improved Bows |
| 12:12 | Ancient of War |
| 12:13 | Ancient of War |
| 12:15 | Ancient of War |
| 12:17 | Improved Strength of the Moon |
| 12:51 | Improved Moon Armor |
| 13:03 | Ancient of War |
| 13:04 | Ancient of War |
| 13:06 | Moon Well |
| 13:10 | Wisp |
| 13:10 | Wisp |
| 13:10 | Wisp |
| 13:10 | Wisp |
| 13:10 | Wisp |
| 13:11 | Wisp |
| 13:11 | Wisp |
| 13:11 | Wisp |
| 13:11 | Wisp |
| 13:18 | Scroll of Town Portal |
| 13:18 | Scroll of Town Portal |
| 13:18 | Scroll of Town Portal |
| 13:24 | Archer |
| 13:33 | Archer |
| 13:33 | Archer |
| 13:34 | Archer |
| 13:36 | Marksmanship |
| 13:41 | Advanced Strength of the Moon |
| 13:44 | Archer |
| 14:12 | Archer |
| 14:55 | Archer |
| 14:56 | Archer |
| 14:56 | Archer |
| 15:15 | Advanced Moon Armor |
| 15:38 | Archer |
| 15:39 | Archer |
| 16:14 | Archer |
| Chat | 251 |
| Select | 175 |
| Right click | 170 |
| Select group | 169 |
| Assign group | 89 |
| Build/train/purchase | 89 |
| Misc. action | 78 |
| Use ability | 15 |
| Resource trade | 14 |
| Esc | 6 |
| Minimap ping | 6 |
122 units @ 16.7k
/ 1.9k
55 buildings @ 7.5k
/ 2.9k


| Potion of Lesser Invulnerability | 1 | 150 |
| total: | 1 | 150g |
| Wisp | 20 | 1200 | / | 0 |
| Archer | 12 | 1560 | / | 120 |
| Huntress | 1 | 195 | / | 20 |
| Hippogryph | 7 | 1120 | / | 140 |
| Polar Furbolg Shaman | 1 | 275 | / | 30 |
| Blue Dragonspawn Meddler | 1 | 145 | / | 0 |
| total: | 42 | 4495g | / | 310w |
| Moon Well | 5 | 900 | / | 200 |
| Altar of Elders | 1 | 180 | / | 50 |
| Ancient of War | 1 | 150 | / | 60 |
| Hunter's Hall | 1 | 210 | / | 100 |
| Ancient of Wonders | 1 | 90 | / | 30 |
| Tree of Life | 1 | 340 | / | 185 |
| Ancient of Wind | 1 | 150 | / | 140 |
| Tree of Ages | 1 | 320 | / | 180 |
| Tree of Eternity | 1 | 330 | / | 200 |
| total: | 11 | 2020g | / | 765w |
| 0:09 | Moon Well |
| 0:10 | Moon Well |
| 0:13 | Wisp |
| 0:13 | Wisp |
| 0:15 | Wisp |
| 0:31 | Altar of Elders |
| 0:36 | Wisp |
| 0:41 | Wisp |
| 0:48 | Wisp |
| 0:56 | Wisp |
| 1:03 | Wisp |
| 1:11 | Wisp |
| 1:19 | Wisp |
| 1:35 | Ancient of War |
| 1:37 | Wisp |
| 1:38 | Wisp |
| 1:45 | Wisp |
| 2:13 | Moon Well |
| 2:23 | Moon Well |
| 2:39 | Archer |
| 2:47 | Immolation |
| 3:06 | Archer |
| 3:06 | Archer |
| 3:35 | Tree of Ages |
| 4:04 | Hunter's Hall |
| 4:11 | Ancient of Wonders |
| 5:34 | Evasion |
| 5:42 | Strength of the Moon |
| 5:59 | Ancient of Wind |
| 6:04 | Wisp |
| 6:04 | Wisp |
| 6:05 | Nature's Blessing |
| 6:16 | Polar Furbolg Shaman |
| 6:17 | Blue Dragonspawn Meddler |
| 6:29 | Moon Armor |
| 6:29 | Reinforced Hides |
| 6:32 | Huntress |
| 6:38 | Improved Bows |
| 6:39 | Archer |
| 6:39 | Archer |
| 7:17 | Immolation |
| 8:06 | Hippogryph |
| 8:06 | Hippogryph |
| 8:06 | Hippogryph |
| 8:08 | Archer |
| 8:08 | Archer |
| 8:10 | Tree of Eternity |
| 8:24 | Evasion |
| 8:51 | Tree of Life |
| 9:07 | Moon Well |
| 9:24 | Hippogryph |
| 10:48 | Potion of Lesser Invulnerability |
| 11:01 | Archer |
| 11:01 | Archer |
| 11:01 | Archer |
| 11:30 | Hippogryph |
| 11:36 | Wisp |
| 11:36 | Wisp |
| 11:36 | Wisp |
| 11:36 | Wisp |
| 11:37 | Wisp |
| 11:41 | Improved Strength of the Moon |
| 11:42 | Improved Moon Armor |
| 11:48 | Well Spring |
| 12:10 | Hippogryph |
| 12:14 | Archer |
| 12:24 | Marksmanship |
| 12:31 | Trueshot Aura |
| 12:38 | Hippogryph |
| 12:47 | Archer |
| Right click | 165 |
| Select | 128 |
| Build/train/purchase | 74 |
| Remove unit | 4 |
| Use ability | 2 |
| Item give/drop | 2 |

| Rod of Necromancy | 1 | 150 |
| Sacrificial Skull | 1 | 50 |
| Potion of Healing | 1 | 150 |
| Potion of Mana | 1 | 200 |
| Scroll of Healing | 1 | 250 |
| Scroll of Protection | 1 | 150 |
| Boots of Speed | 1 | 250 |
| total: | 7 | 1200g |
| Acolyte | 3 | 225 | / | 0 |
| Ghoul | 4 | 480 | / | 0 |
| Crypt Fiend | 11 | 2365 | / | 440 |
| total: | 18 | 3070g | / | 440w |
| Spirit Tower | 2 | 290 | / | 80 |
| Altar of Darkness | 1 | 180 | / | 50 |
| Ziggurat | 3 | 450 | / | 150 |
| Graveyard | 1 | 215 | / | 0 |
| Crypt | 2 | 400 | / | 100 |
| Tomb of Relics | 1 | 130 | / | 30 |
| Slaughterhouse | 1 | 140 | / | 135 |
| Halls of the Dead | 1 | 320 | / | 210 |
| Black Citadel | 1 | 325 | / | 230 |
| total: | 9 | 1515g | / | 465w |
| 0:09 | Altar of Darkness |
| 0:12 | Ziggurat |
| 0:22 | Graveyard |
| 0:33 | Acolyte |
| 0:49 | Acolyte |
| 1:18 | Crypt |
| 1:29 | Ziggurat |
| 1:54 | Crypt |
| 2:13 | Death Coil |
| 2:22 | Ghoul |
| 2:41 | Ghoul |
| 3:00 | Ghoul |
| 3:04 | Ziggurat |
| 3:11 | Unholy Strength |
| 3:27 | Cannibalize |
| 3:28 | Ghoul |
| 3:40 | Tomb of Relics |
| 3:58 | Spirit Tower |
| 4:47 | Unholy Aura |
| 4:50 | Crypt Fiend |
| 4:59 | Spirit Tower |
| 5:21 | Halls of the Dead |
| 5:45 | Rod of Necromancy |
| 5:51 | Sacrificial Skull |
| 5:54 | Creature Attack |
| 6:48 | Crypt Fiend |
| 7:22 | Crypt Fiend |
| 7:43 | Web |
| 7:55 | Crypt Fiend |
| 8:12 | Crypt Fiend |
| 8:42 | Improved Creature Attack |
| 8:58 | Crypt Fiend |
| 9:15 | Death Coil |
| 9:36 | Acolyte |
| 10:06 | Crypt Fiend |
| 10:40 | Crypt Fiend |
| 10:47 | Black Citadel |
| 10:50 | Creature Carapace |
| 11:00 | Potion of Healing |
| 11:28 | Potion of Mana |
| 11:33 | Crypt Fiend |
| 11:50 | Crypt Fiend |
| 12:05 | Improved Creature Carapace |
| 12:26 | Slaughterhouse |
| 13:10 | Crypt Fiend |
| 13:36 | Unholy Aura |
| 13:46 | Scroll of Protection |
| 13:47 | Scroll of Healing |
| 13:57 | Boots of Speed |
| Right click | 412 |
| Select | 128 |
| Select group | 60 |
| Build/train/purchase | 47 |
| Assign group | 20 |
| Use ability | 15 |
| Item give/drop | 4 |
| Misc. action | 1 |
| Remove unit | 1 |

| Scroll of Regeneration | 2 | 200 |
| Orb of Fire | 1 | 325 |
| total: | 3 | 525g |
| Peasant | 14 | 1050 | / | 0 |
| Footman | 6 | 810 | / | 0 |
| Priest | 3 | 405 | / | 30 |
| Gryphon Rider | 6 | 1680 | / | 420 |
| Sorceress | 3 | 465 | / | 60 |
| Dragonhawk Rider | 2 | 400 | / | 60 |
| total: | 34 | 4810g | / | 570w |
| Altar of Kings | 1 | 180 | / | 50 |
| Lumber Mill | 1 | 120 | / | 0 |
| Farm | 12 | 960 | / | 240 |
| Barracks | 1 | 160 | / | 60 |
| Arcane Vault | 1 | 130 | / | 30 |
| Blacksmith | 1 | 140 | / | 60 |
| Town Hall | 1 | 385 | / | 205 |
| Arcane Sanctum | 1 | 150 | / | 140 |
| Gryphon Aviary | 2 | 280 | / | 300 |
| Keep | 1 | 320 | / | 210 |
| Castle | 1 | 360 | / | 210 |
| total: | 21 | 2505g | / | 1085w |
| 0:04 | Peasant |
| 0:04 | Peasant |
| 0:08 | Altar of Kings |
| 0:14 | Lumber Mill |
| 0:20 | Farm |
| 0:29 | Peasant |
| 0:35 | Peasant |
| 0:45 | Peasant |
| 1:03 | Farm |
| 1:06 | Peasant |
| 1:13 | Peasant |
| 1:23 | Peasant |
| 1:39 | Barracks |
| 1:50 | Peasant |
| 1:51 | Peasant |
| 2:18 | Storm Bolt |
| 2:23 | Footman |
| 2:26 | Farm |
| 2:35 | Keep |
| 2:46 | Defend |
| 3:09 | Footman |
| 3:17 | Farm |
| 3:27 | Arcane Vault |
| 3:38 | Blacksmith |
| 4:00 | Scroll of Regeneration |
| 4:15 | Footman |
| 4:34 | Footman |
| 5:16 | Thunder Clap |
| 5:30 | Improved Lumber Harvesting |
| 5:34 | Iron Forged Swords |
| 5:35 | Iron Plating |
| 5:49 | Footman |
| 5:49 | Footman |
| 5:52 | Castle |
| 6:20 | Arcane Sanctum |
| 6:29 | Gryphon Aviary |
| 6:42 | Scroll of Regeneration |
| 6:54 | Priest |
| 7:43 | Storm Bolt |
| 7:48 | Priest |
| 8:13 | Gryphon Aviary |
| 8:17 | Storm Hammers |
| 8:18 | Gryphon Rider |
| 8:34 | Priest |
| 8:54 | Gryphon Rider |
| 9:06 | Farm |
| 9:12 | Farm |
| 9:19 | Farm |
| 9:25 | Farm |
| 9:27 | Gryphon Rider |
| 9:44 | Gryphon Rider |
| 10:34 | Town Hall |
| 10:42 | Thunder Clap |
| 10:54 | Gryphon Rider |
| 11:13 | Sorceress |
| 11:57 | Sorceress |
| 12:06 | Peasant |
| 12:06 | Peasant |
| 12:10 | Peasant |
| 12:10 | Peasant |
| 12:22 | Farm |
| 12:22 | Farm |
| 12:23 | Farm |
| 12:24 | Farm |
| 12:55 | Storm Bolt |
| 13:17 | Gryphon Rider |
| 13:18 | Steel Forged Swords |
| 13:30 | Sorceress |
| 14:37 | Dragonhawk Rider |
| 14:37 | Dragonhawk Rider |
| 15:14 | Orb of Fire |
| Select group | 394 |
| Select | 205 |
| Right click | 164 |
| Misc. action | 76 |
| Build/train/purchase | 72 |
| Assign group | 23 |
| Use ability | 18 |
| Remove unit | 2 |

| Peasant | 13 | 975 | / | 0 |
| Footman | 3 | 405 | / | 0 |
| Rifleman | 7 | 1435 | / | 210 |
| Gryphon Rider | 4 | 1120 | / | 280 |
| Goblin Shredder | 1 | 375 | / | 100 |
| total: | 28 | 4310g | / | 590w |
| Scout Tower | 2 | 60 | / | 40 |
| Guard Tower | 2 | 140 | / | 100 |
| Arcane Tower | 1 | 70 | / | 50 |
| Altar of Kings | 1 | 180 | / | 50 |
| Farm | 6 | 480 | / | 120 |
| Lumber Mill | 1 | 120 | / | 0 |
| Barracks | 1 | 160 | / | 60 |
| Blacksmith | 1 | 140 | / | 60 |
| Gryphon Aviary | 2 | 280 | / | 300 |
| Keep | 1 | 320 | / | 210 |
| Castle | 1 | 360 | / | 210 |
| total: | 14 | 1420g | / | 630w |
| 0:21 | Peasant |
| 0:21 | Peasant |
| 0:27 | Altar of Kings |
| 0:32 | Farm |
| 0:37 | Peasant |
| 1:09 | Peasant |
| 1:22 | Lumber Mill |
| 1:36 | Barracks |
| 1:47 | Peasant |
| 1:47 | Peasant |
| 2:19 | Peasant |
| 2:26 | Blacksmith |
| 2:28 | Peasant |
| 2:35 | Scout Tower |
| 2:47 | Farm |
| 2:51 | Storm Bolt |
| 3:29 | Guard Tower |
| 4:19 | Footman |
| 4:19 | Footman |
| 4:52 | Footman |
| 5:08 | Peasant |
| 5:08 | Peasant |
| 5:08 | Peasant |
| 5:09 | Peasant |
| 5:19 | Farm |
| 5:35 | Rifleman |
| 5:43 | Scout Tower |
| 5:55 | Black Gunpowder |
| 6:12 | Rifleman |
| 6:14 | Guard Tower |
| 6:18 | Arcane Tower |
| 7:18 | Rifleman |
| 7:45 | Keep |
| 7:57 | Studded Leather Armor |
| 8:21 | Farm |
| 9:05 | Bash |
| 9:15 | Goblin Shredder |
| 10:12 | Iron Forged Swords |
| 10:13 | Improved Lumber Harvesting |
| 10:20 | Gryphon Aviary |
| 10:30 | Gryphon Aviary |
| 10:41 | Peasant |
| 11:38 | Steel Forged Swords |
| 11:48 | Castle |
| 11:54 | Rifleman |
| 11:54 | Rifleman |
| 12:49 | Farm |
| 12:57 | Farm |
| 13:07 | Storm Bolt |
| 13:24 | Rifleman |
| 13:24 | Rifleman |
| 14:10 | Gryphon Rider |
| 14:10 | Gryphon Rider |
| 14:11 | Gryphon Rider |
| 14:11 | Gryphon Rider |
| 14:12 | Storm Hammers |
| Right click | 255 |
| Select | 203 |
| Build/train/purchase | 57 |
| Misc. action | 17 |
| Use ability | 12 |
⇛